Map: Interloper LE

Players

Yata - Winner!

  • Race: Zerg Zerg
  • League: Silver
  • Spawn Location: 11:00

A.I. 1 (Very Easy)

  • Race: Terran Terran
  • Spawn Location: 5:00

VOD

Have the link to the VOD?

Description

Time

  • Played on: Aug. 7, 2017, 10:11 a.m.
  • Length: 8:09
Show
View Real Time Build Order
Export as new Build Order

Yata Zerg - Winner!

Build Orders: Pool First, Zergling Baneling 

Get SALT Encoding   

  12  0:08  Drone  
  13  0:29  Overlord x2  
  13  0:33  Drone  
  14  0:39  Extractor  
  13  0:44  Drone  
  14  0:52  Drone  
  15  0:58  Spawning Pool  
  15  1:02  Drone  
  15  1:12  Drone  
  16  1:26  Drone  
  17  1:38  Hatchery  
  16  1:43  Drone  
  16  1:46  Drone  
  18  1:51  Baneling Nest  
  17  1:56  Drone  
  18  2:06  Queen  
  20  2:10  Drone  
  21  2:19  Metabolic Boost  
  21  2:26  Zergling x2  
  21  2:28  Zergling x2  
  23  2:42  Queen  
  25  2:48  Zergling x2  
  25  2:50  Baneling x2  
  25  2:51  Baneling x2  
  26  2:54  Zergling x4  
  28  3:05  Drone x2  
  30  3:11  Drone  
  31  3:19  Drone x4  
  35  3:31  Drone  
  36  3:34  Overlord x2  
  36  3:56  Zergling x18  
  36  4:02  Baneling x6  
  43  4:11  Overlord x2  
  44  4:17  Drone  
  44  4:18  Drone  
  45  4:33  Drone x3  
  48  4:40  Hatchery, Extractor  
  48  4:42  Baneling  
  48  4:43  Baneling x6  
  46  4:59  Drone x2  
  48  5:00  Drone x6  
  48  5:01  Drone  
  55  5:08  Queen  
  57  5:16  Zergling x8  
  61  5:36  Lair  
  61  5:37  Zergling x4  
  61  5:38  Zergling x10  
  61  5:42  Overlord x2  
  68  5:56  Drone  
  69  5:57  Drone x2  
  69  5:59  Drone  
  72  6:06  Baneling  
  72  6:07  Baneling x11  
  72  6:09  Zergling x4  
  67  6:18  Extractor, Drone x3  
  69  6:21  Queen  
  72  6:25  Drone x2  
  72  6:26  Drone x3  
  72  6:30  Evolution Chamber  
  75  6:34  Centrifical Hooks  
  72  6:51  Zergling x2  
  72  6:52  Zergling x24  
  84  7:13  Baneling x3  
  84  7:14  Baneling x5  
  84  7:16  Baneling  
  81  7:41  Zergling x2  
  81  7:42  Zergling x16  
Show
View Real Time Build Order
Export as new Build Order

A.I. 1 (Very Easy) Terran 

Build Orders:  

Get SALT Encoding   

  12  0:00  SCV  
  13  0:13  SCV  
  14  0:19  Supply Depot  
  14  0:36  Refinery  
  14  0:43  Barracks  
  14  1:06  Supply Depot  
  14  1:14  Refinery  
  14  1:30  Marine  
  14  1:32  Orbital Command  
  15  1:57  SCV  
  16  2:09  SCV  
  16  2:11  Barracks Tech Lab  
  17  2:21  SCV  
  20  2:30  Marauder  
  20  2:34  SCV  
  21  2:46  SCV  
  22  2:58  SCV  
  23  3:10  Marine  
  24  6:24  SCV  
  24  6:25  Marine  
  25  6:26  Supply Depot  
  25  6:28  Factory  
  25  6:36  SCV  
  19  6:49  SCV  
  18  6:54  Marauder  
  18  7:01  SCV  
  20  7:04  Command Center  
  20  7:13  SCV  
  21  7:16  Supply Depot  
  21  7:20  Starport  
  20  7:22  Marine  
  20  7:25  SCV  
  22  7:37  SCV  
  22  7:41  Supply Depot  
  16  7:49  SCV  
Tags
 
League
Silver
Matchup
TvZ
Opening
Pool First
Replay Pack
Pack 1
Spawn Locations
Cross Positions
Add a new tag
Caveats
  • Supply blocks, unpowered buildings, or Contaminate may cause inaccurate times.
  • Supply counts are checked every 10 seconds.